Map: Prion Terraces

Players

Miszu

  • Race: Terran Terran
  • League: Diamond

IlIlIlIlIlIl - Winner!

  • Race: Zerg Zerg
  • League: Master

VOD

Have the link to the VOD?

Description

Time

  • Played on: March 25, 2016, 3:49 p.m.
  • Length: 3:37
Show
View Real Time Build Order
Export as new Build Order

Miszu Terran 

Build Orders:  

Get SALT Encoding   

  12  0:00  SCV  
  13  0:12  SCV  
  14  0:18  Supply Depot  
  14  0:24  SCV  
  15  0:40  Barracks  
  15  0:53  Barracks  
  15  1:05  Barracks  
  15  1:28  Marine  
  15  1:29  Barracks  
  16  1:40  Marine  
  16  1:46  Supply Depot, Marine  
  18  1:58  Marine x2  
  20  2:04  Marine  
  21  2:15  Marine  
  21  2:16  Marine  
  21  2:20  Marine  
  21  2:22  Marine  
  22  2:33  Marine  
  22  2:34  Marine  
  22  2:38  Marine  
  22  2:39  Marine  
  24  2:51  Marine  
  24  2:52  Marine  
  24  2:56  Marine  
  24  2:57  Marine  
Show
View Real Time Build Order
Export as new Build Order

IlIlIlIlIlIl Zerg - Winner!

Build Orders: Hatch First 

Get SALT Encoding   

  12  0:01  Drone  
  13  0:11  Drone  
  14  0:21  Extractor x2, Drone  
  14  0:22  Drone  
  16  0:30  Overlord  
  16  0:51  Hatchery  
  15  1:03  Spawning Pool  
  15  1:04  Drone x3  
  17  1:05  Extractor  
  17  1:15  Overlord  
  17  1:51  Queen  
  17  1:52  Zergling x6  
  22  1:57  Spine Crawler  
  21  2:02  Spine Crawler  
  21  2:05  Zergling x2  
  21  2:19  Zergling x2  
  19  2:35  Baneling Nest  
  17  2:39  Zergling x2  
  17  2:40  Zergling x2  
  17  2:42  Queen  
  21  2:47  Zergling x2  
  22  2:58  Zergling x2  
  23  3:07  Zergling x2  
  24  3:18  Baneling x5  
Tags
 
Add a new tag
Caveats
  • Supply blocks, unpowered buildings, or Contaminate may cause inaccurate times.
  • Supply counts are checked every 10 seconds.